 Dungeon Crawl Stone Soup version 0.31-a0-204-g7da18cac08 (webtiles) character file.

Game seed: 3611862679151730436

85 qw the Shooter (level 4, -1/25 HPs)
             Began as a Deep Elf Hunter on June 27, 2023.
             Slain by Sigmund
             ... wielding a +0 scythe
              (11 damage)
             ... on level 2 of the Dungeon.
             The game lasted 00:00:38 (1298 turns).

qw the Shooter (Deep Elf Hunter)                    Turns: 1298, Time: 00:00:39

Health: -1/25      AC:  3    Str: 16    XL:     4   Next: 25%
Magic:  6/6        EV: 12    Int: 14    God:
Gold:   99         SH:  0    Dex: 18    Spells: 3/3 levels left

rFire   . . .        Y - +0 shortbow
rCold   . . .        (shield currently unavailable)
rNeg    . . .        c - +0 leather armour
rPois   .            (no helmet)
rElec   .            (no cloak)
rCorr   .            (no gloves)
SInv    .            (no boots)
Will    .....        (no amulet)
Stlth   ++           f - +6 ring of strength
HPRegen 0.24/turn    (no ring)
MPRegen 0.10/turn

%: no passive effects
@: no status effects
A: no striking features
a: no special abilities


You were on level 2 of the Dungeon.
You visited 1 branch of the dungeon, and saw 2 of its levels.

You collected 99 gold pieces.


   Skills:
 - Level 1.5 Fighting
 + Level 7.7 Ranged Weapons
 - Level 2.4 Dodging
 - Level 1.2 Stealth


You had 3 spell levels left.
You didn't know any spells.
Your spell library was empty.

Inventory:

Hand Weapons
 Y - a +0 shortbow (weapon)
Armour
 a - a +0 ring mail
 c - a +0 leather armour (worn)
Jewellery
 f - a +6 ring of strength (left hand)
 h - an amulet of reflection
Scrolls
 i - a scroll of identify
Potions
 b - a potion of enlightenment {unknown}
 d - a potion of might {unknown}
 e - 2 potions of invisibility {unknown}
 g - a potion of haste {unknown}

Dungeon Overview and Level Annotations

Branches:
Dungeon (2/15)

Altars:

Annotations:
D:2 1 runed translucent door, Crazy Yiuf, Sigmund


Message History

You shoot an arrow. The arrow hits the worm.
You kill the worm!
Found a stone staircase leading down.
Enter note:
Enter note:
Enter note:
Enter note:
Enter note:
Enter note:
There is a stone staircase leading down here.
Sigmund the Dreaded comes into view.
He is wielding a +0 scythe.
Enter note:
Enter note:
Enter note:
Enter note:
Enter note:
Enter note: You shoot an arrow.
The arrow hits Sigmund.
Sigmund is moderately wounded.
You shoot an arrow. The arrow hits Sigmund.
Sigmund is moderately wounded.
Sigmund says, "Don't worry, I'll kill you fast."
You shoot an arrow. The arrow closely misses Sigmund.
You shoot an arrow. The arrow closely misses Sigmund.
You shoot an arrow. The arrow hits Sigmund.
Sigmund is heavily wounded.
Sigmund gestures wildly while chanting.
Sigmund flickers and vanishes!
Deactivating autopickup; reactivate with Ctrl-A.
You shoot an arrow. Something hits you.
You shoot an arrow. You shoot an arrow. Something hits you.
You shoot an arrow. Something hits you.
You shoot an arrow. You shoot an arrow. Something hits you!
You die...

.. #. #. #. #.
##........##.##{
..........##.##.###
##..............@.##
#......%..........#
#........#####.#..#
#.........# #.#..#
#.........# #.#..#
#..#......####.#..#
#....#.##.##...#..#
##.#.#.##..>...#..#
###.%...##..###.#..#


There were no monsters in sight!

Vanquished Creatures
  Terence (D:2)
  A worm (D:2)
  2 dart slugs (D:1)
  2 bats (D:1)
  8 endoplasms
  5 giant cockroaches
  4 goblins
  8 jackals
  2 quokkas (D:1)
  2 ball pythons
  2 frilled lizards (D:2)
  4 kobolds
  5 rats
46 creatures vanquished.

Notes
Turn   | Place    | Note
-------+----------+-------------------------------------------
     0 | D:1      | qw the Deep Elf Hunter began the quest for the Orb.
     0 | D:1      | Reached XP level 1. HP: 12/12 MP: 3/3
     0 | D:1      | 0 ||| qw: Version: 0.3-a-22-g0ed2b0b
     0 | D:1      | 0 ||| qw: Game counter: 6548
     0 | D:1      | 0 ||| qw: Melee chars always use a shield: true
     0 | D:1      | 0 ||| qw: God list: Okawaru
     0 | D:1      | 0 ||| qw: Allow faded altars: false
     0 | D:1      | 0 ||| qw: Do Orc after clearing Dungeon:15 true
     0 | D:1      | 0 ||| qw: Do second Lair branch before Depths: true
     0 | D:1      | 0 ||| qw: Lair rune preference: random
     0 | D:1      | 0 ||| qw: Goals: Normal
     0 | D:1      | 0 ||| PLANNING D:1-11
    99 | D:1      | Reached skill level 6 in Ranged Weapons
    99 | D:1      | Reached XP level 2. HP: 16/16 MP: 4/4
   368 | D:1      | Reached XP level 3. HP: 19/20 MP: 5/5
   562 | D:1      | 562 ||| UPGRADING to +6 ring of strength.
   563 | D:1      | 563 ||| READING 3 scrolls labelled NINO KOESTAB.
   566 | D:1      | 566 ||| DROPPING scroll of butterflies.
   653 | D:2      | Noticed Terence
   667 | D:2      | HP: 4/20 [Terence/+0 flail (3)]
   668 | D:2      | 668 ||| READING 2 scrolls of teleportation.
   671 | D:2      | Killed Terence
   672 | D:2      | Reached skill level 7 in Ranged Weapons
   685 | D:2      | 685 ||| FLEEEEING.
   694 | D:2      | 694 ||| STAIRDANCE
   736 | D:1      | 736 ||| READING scroll labelled SUZUUC ADDAOXI.
   823 | D:2      | Reached XP level 4. HP: 25/25 MP: 6/6
   867 | D:2      | HP: 4/25 [worm (10)]
   868 | D:2      | 868 ||| READING scroll of teleportation.
   990 | D:2      | Found a runed translucent door.
   991 | D:2      | Noticed Crazy Yiuf
  1287 | D:2      | Noticed Sigmund
  1298 | D:2      | Slain by Sigmund

Levels and vault maps discovered:
D:1:      lightli_arrival_flooded_house, layout_loops_ring
D:2:      layout_loops_ring, uniq_crazy_yiuf_cottage, uniq_sigmund, uniq_terence

Skill      XL: |  1  2  3 |
---------------+----------+-----
Ranged Weapons | 6 7 |  7.7
Fighting       | |  1.5
Dodging        | |  2.4
Stealth        | |  1.2

Action                     |  1- 3 |  4- 6 || total
---------------------------+-------+-------++-------
   Fire: Shortbow          |   102 |    61 ||   163
    Use: Scroll            |     3 |     1 ||     4
 Armour: Leather armour    |     6 |    12 ||    18
  Dodge: Dodged            |    25 |    27 ||    52

Table legend:
 A = Non-vault XP
 B = Vault XP
 C = Vault XP percentage of total XP
 D = Non-vault monster count
 E = Vault monster count
 F = Vault count percentage of total count
                 A         B        C        D         E       F
            +---------+---------+-------+---------+---------+-------
      Total |      86 |      36 |  29.5 |      45 |       1 |   2.2
            +---------+---------+-------+---------+---------+-------
        D:1 |      48 |       0 |   0.0 |      25 |       0 |   0.0
        D:2 |      38 |      36 |  48.6 |      20 |       1 |   4.8
            +---------+---------+-------+---------+---------+-------
